 Dungeon Crawl Stone Soup version 0.30.1-11-g7821555f0a (webtiles) character file.

Game seed: 17650487629420698402

196 lonewolfV2 the Trooper (level 5, -7/52 HPs)
             Began as a Minotaur Fighter on Nov 14, 2023.
             Mangled by a gnoll
             ... wielding a +0 halberd
             ... led by a gnoll bouda
              (10 damage)
             ... on level 4 of the Dungeon.
             The game lasted 00:03:34 (1646 turns).

lonewolfV2 the Trooper (Minotaur Fighter)           Turns: 1646, Time: 00:03:35

Health: -7/52      AC:  6    Str: 26    XL:     5   Next: 46%
Magic:  4/4        EV:  9    Int: 11    God:
Gold:   213        SH:  5    Dex: 12    Spells: 4/4 levels left

rFire   . . .        a - +1 war axe
rCold   + . .        c - +1 buckler
rNeg    . . .        p - +0 scale mail {rC+}
rPois   .            (helmet restricted)
rElec   .            (no cloak)
rCorr   .            (no gloves)
SInv    .            (no boots)
Will    .....        (no amulet) Stlth
                     f - +6 ring of strength
HPRegen 0.28/turn    n - +6 ring of intelligence
MPRegen 0.09/turn

%: no passive effects
@: no status effects
A: horns 2, retaliatory headbutt
a: no special abilities


You were on level 4 of the Dungeon.
You visited 1 branch of the dungeon, and saw 4 of its levels.

You collected 213 gold pieces.

Inventory:

Hand Weapons
 a - a +1 war axe (weapon)
Armour
 b - a +0 scale mail
 c - a +1 buckler (worn)
 p - a +0 scale mail of cold resistance (worn)
Jewellery
 f - a +6 ring of strength (left hand)
 n - a +6 ring of intelligence (right hand)
Scrolls
 i - 2 scrolls of magic mapping
 o - a scroll of teleportation
Potions
 d - a potion of might
 e - a potion of degeneration {unknown}
 g - a potion of magic
 h - a potion of lignification {unknown}
 j - a potion of attraction {unknown}
 k - a potion of mutation
 l - a potion of resistance {unknown}
 m - a potion of brilliance {unknown}


   Skills:
 * Level 7.5 Fighting
 - Level 2.4 Axes
 - Level 3.6 Armour
 - Level 3.6 Shields


You had 4 spell levels left.
You didn't know any spells.
Your spell library contained the following spells:

 Spells                   Type           Power      Damage    Failure   Level
 Freeze                   Ice            0%         1d3       67%         1
 Cigotuvi's Dreadful Rot  Necr/Pois/Air  0%         N/A       82%         2
 Ensorcelled Hibernation  Hex/Ice        0%         N/A       82%         2
 Frozen Ramparts          Ice            0%         1d1       96%         3
 Hailstorm                Conj/Ice       0%         3d3       96%         3
 Ignite Poison            Fire/Tmut/Pois 0%         N/A       96%         3
 Spider Form              Tmut/Pois      0%         N/A       96%         3
 Anguish                  Hex/Necr       0%         N/A       100%        4
 Freezing Cloud           Conj/Ice/Air   0%         6-21      100%        5


Dungeon Overview and Level Annotations

Branches:
Dungeon (4/15)
 Temple: D:4-7

Altars:


Innate Abilities, Weirdness & Mutations

You have a pair of horns on your head.
You reflexively headbutt those who attack you in melee.


Message History

The gnoll hits you from afar with a +0 halberd.
You barely miss the gnoll. Your headbutt misses the gnoll.
You closely miss the gnoll bouda. The gnoll hits you with a +0 spear.
The gnoll barely misses you. The gnoll bouda closely misses you.
The gnoll closely misses you. The gnoll hits you with a +0 spear.
You barely miss the gnoll.
You headbutt the gnoll, but do no damage.
You hit the gnoll bouda. The gnoll bouda barely misses you.
The gnoll hits you from afar with a +0 halberd!
The gnoll closely misses you.
You slash the gnoll!
The gnoll is heavily wounded.
You slash the gnoll bouda!
The gnoll bouda hits you with a +0 club.
The gnoll closely misses you. The gnoll hits you but does no damage.
The gnoll bouda closely misses you. You block the gnoll's attack.
The gnoll hits you with a +0 spear.
* * * LOW HITPOINT WARNING * * *
You slash the gnoll!
You kill the gnoll!
You barely miss the gnoll bouda.
The gnoll bouda hits you but does no damage.
The gnoll barely misses you.
You slash the gnoll bouda!
You kill the gnoll bouda!
The gnoll hits you from afar with a +0 halberd!
* * * LOW HITPOINT WARNING * * *
You block the gnoll's attack.
Things that are here:
a +0 spear; a +0 spear The gnoll hits you with a +0 halberd.
* * * LOW HITPOINT WARNING * * *
Things that are here:
a +0 club; a +0 leather armour You barely miss the gnoll.
The gnoll barely misses you. You block the gnoll's attack.
You slash the gnoll! Your headbutt misses the gnoll.
The gnoll is severely wounded.
The gnoll hits you with a +0 halberd!
You die...

......... ......... #
.......# .#
#######.....######..#
#....##.....#.......#
##....#......#g......#
#.....#......#@......#
#....<#......')......#
+...).#......######..#
##....'......# #
#######.....#
#....##.....#
#....'......#
#....#......#
#....##.....#


You could see a gnoll (swift).

Vanquished Creatures
  A gnoll bouda (D:4)
  A hound (D:3)
  A sleepcap (D:4)
  2 gnolls (D:4)
  4 adders
  An ufetubus (D:4)
  2 worms
  A dart slug (D:3)
  2 endoplasms (D:2)
  2 giant cockroaches
  7 goblins
  A hobgoblin (D:2)
  3 jackals (D:3)
  A quokka (D:3)
  3 ball pythons
  6 bats
  2 kobolds
  8 rats
48 creatures vanquished.

Notes
Turn   | Place    | Note
-------+----------+-------------------------------------------
     0 | D:1      | lonewolfV2 the Minotaur Fighter began the quest for the
                  | Orb.
     0 | D:1      | Reached XP level 1. HP: 19/19 MP: 0/0
   139 | D:1      | Reached skill level 4 in Fighting
   410 | D:2      | Reached XP level 2. HP: 28/28 MP: 1/1
   538 | D:2      | Reached skill level 5 in Fighting
   599 | D:2      | Reached XP level 3. HP: 36/36 MP: 2/2
   995 | D:3      | Reached skill level 6 in Fighting
   995 | D:3      | Reached XP level 4. HP: 44/44 MP: 3/3
  1589 | D:4      | Reached skill level 7 in Fighting
  1589 | D:4      | Reached XP level 5. HP: 52/52 MP: 4/4
  1644 | D:4      | HP: 2/52 [gnoll/+0 halberd[a gnoll bouda] (4)]
  1646 | D:4      | Mangled by a gnoll

Illustrated notes

Levels and vault maps discovered:
D:1:      spicycebolla_arrival_ecumenical, layout_rooms
D:2:      minmay_chambers_of_twos, layout_rooms
D:3:      layout_basic, dk_noncrumbling_4
D:4:      layout_gridville, ebering_dispersal_statue_hall, minmay_surrounded

Skill      XL: |  1  2  3  4 |
---------------+-------------+-----
Fighting       | 4 5 6 7 |  7.5
Axes           | |  2.4
Armour         | |  3.6
Shields        | |  3.6

Action                     |  1- 3 |  4- 6 || total
---------------------------+-------+-------++-------
  Melee: War axe           |    54 |    48 ||   102
         Headbutt          |     8 |     7 ||    15
    Use: Scroll            |    10 |     1 ||    11
 Armour: Scale mail        |    27 |    25 ||    52
  Dodge: Dodged            |    27 |    34 ||    61
  Block: Buckler           |    14 |    22 ||    36
